AoeStats
← THE REAL DEAL*

Arabia

510877994Analyzed
1v1 RM · 24h ago on Oct 2, 2026· 40m 11s· 2 players
Game mode
Random Map
Map size
Tiny (2 player)
Population
200
Speed
Normal
Resources
Standard
Victory
Conquest
Starting age
Dark Age
Ending age
Imperial Age
RankedLock teamsTeams togetherTeam positionsShared explorationLock speedFull tech treeHidden civsTurbo modeCheats
Victory
Defeat
🇧🇷 Mongols · Brazil
1216
+14
🇺🇸 Goths · United States
1175
-14
THE REAL DEAL*
0:27 Loom
14:44 Feudal Age
14:47 Man-at-Arms
18:30 Double-Bit Axe
19:09 Horse Collar
22:39 Wheelbarrow
24:36 Castle Age
24:59 Wheelbarrow
24:43 Pikeman
29:36 Town Watch
Fpavoni
9:43 Loom
12:47 Feudal Age
18:51 Castle Age
17:38 Double-Bit Axe
19:09 Fletching
26:04 Town Watch
29:20 Ballistics
29:30 Padded Archer Armor
30:00 Bodkin Arrow
35:16 Imperial Age
33:08 Scale Mail Armor
34:13 Bow Saw
33:27 Man-at-Arms
34:25 Chain Mail Armor
34:37 Squires
34:34 Long Swordsman
35:31 Capped Ram
36:49 Conscription
37:43 Forging
37:29 Two-Handed Swordsman
39:22 Plate Mail Armor
41:11 Drill
Connection lost

Rejoining the realm…

Still unreachable

The connection could not be restored.

Session expired

The server has moved on; the page needs a fresh start.